 Dungeon Crawl Stone Soup version 0.28-a0-938-gbc3f381ebc (webtiles) character file.

Game seed: 12300293503537195293

95 deletemesenpai the Skirmisher (level 4, 0/41 HPs)
             Began as a Hill Orc Fighter on June 28, 2021.
             Slain by an acid dragon (8 damage)
             ... on level 6 of the Dungeon on Nov 29, 2021.
             The game lasted 00:07:27 (1873 turns).

deletemesenpai the Skirmisher (Hill Orc Fighter)    Turns: 1873, Time: 00:07:27

Health: 0/41       AC:  3    Str: 19    XL:     4   Next: 65%
Magic:  4/4        EV:  7    Int:  8    God:
Gold:   73         SH:  8    Dex: 10    Spells: 3/3 levels left

rFire   . . .      SeeInvis .   a - +0 war axe
rCold   . . .      Faith    .   c - +0 kite shield
rNeg    . . .      Spirit   .   b - +0 scale mail
rPois   .          Reflect  .   (no helmet)
rElec   .          Harm     .   (no cloak)
rCorr   .          Rampage  .   (no gloves)
Will    .....                   (no boots)
Stlth   ..........              (no amulet)
HPRegen 0.13/turn               g - +4 ring of slaying
MPRegen 0.09/turn               h - +4 ring of slaying

@: corroded
A: no striking features
a: no special abilities


You were on level 6 of the Dungeon.
You visited 1 branch of the dungeon, and saw 5 of its levels.

You collected 73 gold pieces.

Inventory:

Hand Weapons
 a - a +0 war axe (weapon)
Missiles
 f - 9 poisoned darts (quivered)
 v - 5 boomerangs
Armour
 b - a +0 scale mail (worn)
 c - a +0 kite shield (worn)
 o - a +2 helmet
Jewellery
 g - a +4 ring of slaying (left hand)
 h - a +4 ring of slaying (right hand)
 l - a ring of ice
 s - a ring of magical power
 t - a ring of flight
 u - a ring of fire
Wands
 r - a wand of digging (4)
Scrolls
 e - 2 scrolls of identify {unknown}
 i - a scroll of holy word {unknown}
 j - 2 scrolls of teleportation {unknown}
 k - a scroll of blinking {unknown}
 n - a scroll of amnesia {unknown}
Potions
 d - a potion of might
 m - a potion of degeneration {unknown}
 p - 2 potions of flight {unknown}
 q - 2 potions of curing {unknown}


   Skills:
 + Level 4.3 Fighting
 + Level 4.2 Axes
 + Level 4.0 Armour
 + Level 3.8 Shields


You had 3 spell levels left.
You didn't know any spells.
Your spell library was empty.

Dungeon Overview and Level Annotations

Branches:
Dungeon (6/15)
 Temple: D:4-7

Altars:


Message History

There are monsters nearby!
There are monsters nearby!
Found 7 gold pieces.
You block the jackal's attack.
An orc comes into view. It is wielding a +0 flail.
You see here a jackal corpse.
The orc shouts!
You hit the jackal.
The jackal is almost dead.
You hear a shout!
You block the jackal's attack. x2
You slash the jackal!
You kill the jackal!
You closely miss the kobold.
An orc comes into view. It is wielding a +0 dagger.
The kobold hits you but does no damage. x2
An orc priest comes into view. It is wielding a +0 mace.
You fall into a shaft and drop 2 floors!
The shaft crumbles and collapses.
Found a falchion, a forked lead wand and 22 bolts.
Found a stone staircase leading down.
An acid dragon comes into view.
The acid dragon roars!
The acid dragon closely misses you.
The acid dragon claws you but does no damage.
The acid dragon spits acid at you. The splash of acid hits you!
There is a stone staircase leading down here.
The acid dragon barely misses you. The acid dragon closely misses you.
You climb downwards.
Found a leather armour.
Found a stone staircase leading down.
There is a stone staircase leading up here.
The acid dragon spits acid at you. The splash of acid hits you!!
Ouch! That really hurt!
* * * LOW HITPOINT WARNING * * *
The acid corrodes you! The acid dragon barely misses you.
You block the acid dragon's attack.
There is a stone staircase leading down here.
The acid dragon bites you!
You die...

..# .. ###..#
...####<#..#
........[..####
....#.........#
#.#.#.#.##.##.#
..............#
......#D##.##.#
........@# # #
#.#.#.#.##
#.#.#.#.# # #
#.# #.# #.# ..#
..


You could see an acid dragon.

Vanquished Creatures
  Terence (D:2)
  An adder (D:3)
  A worm (D:2)
  2 dart slugs (D:1)
  An orc (D:3)
  4 bats
  5 endoplasms
  4 giant cockroaches
  5 goblins
  4 hobgoblins
  5 jackals
  6 kobolds
  A quokka (D:1)
  6 ball pythons
  A frilled lizard (D:1)
47 creatures vanquished.

Vanquished Creatures (others)
  A fungus (D:2)
  2 plants (D:2)
3 creatures vanquished.

Grand Total: 50 creatures vanquished

Notes
Turn   | Place    | Note
-------+----------+-------------------------------------------
     0 | D:1      | deletemesenpai the Hill Orc Fighter began the quest for the
                  | Orb.
     0 | D:1      | Reached XP level 1. HP: 19/19 MP: 1/1
   112 | D:1      | Reached XP level 2. HP: 20/27 MP: 2/2
   357 | D:1      | Reached XP level 3. HP: 24/33 MP: 3/3
  1204 | D:2      | Noticed Terence
  1212 | D:2      | Killed Terence
  1213 | D:2      | Reached XP level 4. HP: 30/41 MP: 4/4
  1397 | D:2      | Found a faded altar of an unknown god.
  1773 | D:2      | Upgraded the game from 0.27-a0-1359-ga2a4dfd6fd to
                  | 0.28-a0-938-gbc3f381ebc
  1858 | D:5      | Entered Level 5 of the Dungeon
  1859 | D:5      | Noticed an acid dragon
  1873 | D:6      | Slain by an acid dragon

Illustrated notes

Levels and vault maps discovered:
D:1:      lightli_arrival_isolated_outpost, layout_basic
D:2:      layout_basic, shapermc_ecumenical_altar_gd, uniq_terence
D:3:      layout_rooms
D:5:      layout_basic, nicolae_gozag_cash_rules_everything_around_me,
          columned_hall_lemuel
D:6:      layout_basic

Skill      XL: |  1  2  3  4 |
---------------+-------------+-----
Fighting       | 4 |  4.3
Axes           | 3 4 |  4.2
Armour         | 4 |  4.0
Shields        | |  3.8

Action                   |  1- 3 |  4- 6 || total
-------------------------+-------+-------++-------
Melee: War axe           |    59 |    18 ||    77
Throw: Dart              |     4 |       ||     4
Armor: Scale mail        |    32 |    12 ||    44
Dodge: Dodged            |    14 |     7 ||    21
Block: Kite shield       |    34 |    11 ||    45

Table legend: (Time is in decaauts)
 A = Elapsed time spent in this place.
 B = Non-inter-level travel time spent in this place.
 C = Inter-level travel time spent in this place.
 D = Time resting spent in this place.
 E = Time spent auto-exploring this place.
 F = Levels seen in this place.
 G = Mean time per level.
                   A        B        C        D        E       F      G
               +--------+--------+--------+--------+--------+-----+--------+
         Total |   1922 |   1868 |     54 |      0 |   1365 |   5 |  384.4 |
       Dungeon |   1922 |   1868 |     54 |      0 |   1365 |   5 |  384.4 |
               +--------+--------+--------+--------+--------+-----+--------+

Top non-repeatable levels by time:
     D:2: 969 daAuts
     D:1: 850 daAuts
     D:3: 88 daAuts
     D:5: 7 daAuts
     D:6: 6 daAuts
